AoeStats
← Lord_Devil

Oasis

508770849Analyzed
4v4 RM · 7d ago on Sep 24, 2026· 54m 17s· 8 players
Game mode
Random Map
Map size
Large (8 player)
Population
200
Speed
Normal
Resources
Standard
Victory
Conquest
Starting age
Dark Age
Ending age
Imperial Age
RankedLock teamsTeams togetherTeam positionsShared explorationLock speedFull tech treeHidden civsTurbo modeCheats
Victory
Defeat
🇺🇸 Varangians · United States
1029
+15
🇺🇸 Britons · United States
1017
+16
🇺🇸 Saxons · United States
955
+18
🇺🇸 Franks · United States
917
+19
🇮🇳 Celts · India
1028
-18
🇮🇳 Tatars · India
1026
-18
🇩🇪 Britons · Germany
984
-16
🇹🇷 Japanese · Türkiye
984
-16
GoldenRogerFed6
11:54 Feudal Age
17:12 Castle Age
15:09 Double-Bit Axe
17:20 Horse Collar
18:09 Heavy Plow
22:03 Bow Saw
22:17 Fletching
23:38 Bodkin Arrow
24:35 Gold Mining
25:54 Padded Archer Armor
27:25 Leather Archer Armor
28:29 Ballistics
28:28 Treadmill Crane
31:35 Wheelbarrow
32:04 Murder Holes
32:17 Scale Barding Armor
32:38 Hand Cart
33:04 Gold Shaft Mining
33:51 Chain Barding Armor
34:05 Masonry
33:56 Stone Mining
35:51 Husbandry
36:04 Bloodlines
36:08 Forging
41:28 Imperial Age
40:47 Iron Casting
43:29 Crop Rotation
44:21 Chemistry
43:25 Bracer
44:33 Elite Steppe Lancer
46:47 Plate Barding Armor
45:35 Heavy Cavalry Archer
46:55 Conscription
50:55 Blast Furnace
50:54 Silk Armor
50:23 Heavy Camel Rider
GoldenHorde
2:27 Loom
13:11 Feudal Age
15:27 Man-at-Arms
21:25 Castle Age
19:41 Forging
36:55 Horse Collar
37:02 Double-Bit Axe
40:02 Wheelbarrow
39:29 Heavy Plow
40:57 Pikeman
41:24 Arson
42:11 Hand Cart
47:51 Imperial Age
FRQ
3:06 Loom
11:09 Feudal Age
12:53 Double-Bit Axe
15:09 Castle Age
13:07 Horse Collar
16:04 Bow Saw
20:48 Wheelbarrow
22:45 Hand Cart
22:47 Stone Mining
22:53 Gold Mining
25:15 Gold Shaft Mining
25:33 Heavy Plow
31:09 Imperial Age
28:25 Town Watch
28:45 Padded Archer Armor
28:35 Fletching
30:22 Leather Archer Armor
30:02 Bodkin Arrow
30:42 Yasama
30:34 Treadmill Crane
30:46 Guard Tower
30:56 Elite Skirmisher
32:23 Ballistics
33:01 Conscription
34:21 Bracer
34:51 Ring Archer Armor
35:08 Keep
37:10 Forging
37:01 Scale Mail Armor
39:22 Chemistry
38:09 Arrowslits
40:05 Chain Mail Armor
40:25 Iron Casting
40:36 Kataparuto
40:54 Hoardings
42:02 Plate Mail Armor
42:00 Pikeman
42:40 Squires
42:26 Arson
43:04 Halberdier
45:39 Blast Furnace
45:28 Caravan
49:06 Town Patrol
xAb0rt_N0w
1:41 Loom
12:06 Feudal Age
16:59 Castle Age
15:00 Double-Bit Axe
14:58 Horse Collar
18:12 Bow Saw
18:05 Heavy Plow
21:51 Wheelbarrow
21:02 Town Watch
24:09 Stone Mining
24:34 Gold Mining
30:46 Gold Shaft Mining
33:13 Imperial Age
31:00 Hand Cart
30:50 Town Patrol
31:02 Scale Barding Armor
31:07 Forging
31:02 Husbandry
32:18 Treadmill Crane
32:48 Masonry
33:27 Chain Barding Armor
33:42 Iron Casting
33:21 Capped Ram
33:26 Cavalier
35:55 Plate Barding Armor
36:23 Blast Furnace
35:46 Conscription
37:57 Siege Engineers
38:53 Chemistry
38:24 Architecture
37:18 Light Cavalry
39:31 Two-Man Saw
39:21 Capped Ram
46:42 Yeomen
47:06 Fletching
47:17 Padded Archer Armor
46:48 Elite Skirmisher
49:58 Caravan
50:18 Bodkin Arrow
50:39 Leather Archer Armor
51:23 Ballistics
51:07 Bracer
SIUUUUUUUUUUUU
11:04 Feudal Age
15:47 Castle Age
14:18 Horse Collar
14:55 Double-Bit Axe
16:38 Loom
17:57 Scale Mail Armor
20:53 Chain Mail Armor
21:19 Gambesons
21:59 Squires
22:38 Arson
23:39 Padded Archer Armor
23:31 Fletching
24:39 Town Watch
27:40 Elite Skirmisher
29:01 Forging
32:56 Iron Casting
34:39 Wheelbarrow
39:56 Imperial Age
38:00 Heavy Plow
37:57 Gold Mining
39:57 Leather Archer Armor
39:37 Bodkin Arrow
41:06 Elite Varangian Guard
42:04 Stone Mining
43:27 Plate Mail Armor
48:18 Conscription
51:45 Hand Cart
52:42 Caravan
Lord_Devil
6:14 Loom
10:16 Feudal Age
11:51 Double-Bit Axe
13:05 Wheelbarrow
12:24 Gold Mining
14:50 Stone Mining
18:22 Castle Age
17:05 Forging
26:00 Bow Saw
28:35 Scale Barding Armor
30:36 Iron Casting
33:34 Bloodlines
36:15 Hand Cart
36:25 Chain Barding Armor
38:39 Horse Collar
43:03 Imperial Age
42:38 Husbandry
43:56 Gothikon
45:22 Conscription
46:09 Plate Barding Armor
46:06 Town Watch
46:33 Elite Jarl
48:31 Blast Furnace
50:36 Elite Varangian Guard
51:18 Squires
51:21 Scale Mail Armor
52:16 Caravan
52:30 Cavalier
52:44 Vendel Legacy
Magnum Carlsman
6:18 Loom
14:51 Feudal Age
19:08 Double-Bit Axe
28:53 Castle Age
28:17 Scale Barding Armor
30:05 Bow Saw
34:05 Husbandry
36:13 Forging
40:18 Chain Barding Armor
40:34 Iron Casting
40:05 Elite Skirmisher
42:14 Wheelbarrow
44:39 Hand Cart
47:08 Imperial Age
47:27 Caravan
48:41 Plate Barding Armor
47:42 Cavalier
49:14 Paladin
52:02 Blast Furnace
51:39 Gold Mining
52:38 Capped Ram
53:59 Conscription
54:51 Chivalry
Achilles333
7:56 Loom
11:14 Feudal Age
12:11 Double-Bit Axe
16:46 Castle Age
14:40 Stone Mining
15:18 Gold Mining
18:30 Bow Saw
29:02 Imperial Age
27:41 Wheelbarrow
26:58 Fletching
28:40 Bodkin Arrow
28:47 Padded Archer Armor
29:50 Gold Shaft Mining
29:18 Horse Collar
30:14 Hand Cart
30:27 Conscription
31:41 Bracer
31:57 Leather Archer Armor
31:46 Town Watch
32:32 Elite Longbowman
34:09 Ballistics
36:55 Ring Archer Armor
37:29 Chemistry
36:35 Siege Engineers
44:14 Two-Man Saw
46:37 Caravan
52:36 Yeomen
Connection lost

Rejoining the realm…

Still unreachable

The connection could not be restored.

Session expired

The server has moved on; the page needs a fresh start.